AoeStats
← 湦ㄚ

Arena

510433769Analyzed
1v1 RM · 2d ago on Oct 1, 2026· 43m 6s· 2 players
Game mode
Random Map
Map size
Tiny (2 player)
Population
200
Speed
Normal
Resources
Standard
Victory
Conquest
Starting age
Dark Age
Ending age
Imperial Age
RankedLock teamsTeams togetherTeam positionsShared explorationLock speedFull tech treeHidden civsTurbo modeCheats
Victory
Defeat
🇲🇽 Byzantines · Mexico
728
+16
🇹🇼 Persians · Taiwan
722
-16
湦ㄚ
7:22 Loom
10:17 Feudal Age
10:44 Horse Collar
11:08 Double-Bit Axe
16:46 Forging
16:43 Scale Barding Armor
18:53 Castle Age
17:42 Gold Mining
17:44 Stone Mining
20:19 Bow Saw
21:00 Heavy Plow
30:45 Forging
30:42 Scale Barding Armor
33:00 Gold Shaft Mining
33:04 Stone Shaft Mining
35:31 Imperial Age
33:39 Wheelbarrow
32:51 Town Watch
34:29 Husbandry
35:36 Kamandaran
35:44 Thumb Ring
35:00 Crossbowman
35:55 Bloodlines
36:35 Conscription
42:41 Two-Man Saw
42:15 Crop Rotation
42:02 Hand Cart
41:47 Town Patrol
43:21 Iron Casting
43:07 Chain Barding Armor
42:37 Fletching
42:47 Padded Archer Armor
eycheko
1:36 Loom
12:27 Feudal Age
14:01 Double-Bit Axe
14:10 Gold Mining
14:13 Man-at-Arms
21:24 Castle Age
19:56 Fletching
21:34 Stone Mining
23:08 Wheelbarrow
23:10 Murder Holes
27:09 Horse Collar
32:41 Imperial Age
33:34 Pikeman
35:02 Halberdier
37:52 Treadmill Crane
38:51 Conscription
42:01 Ballistics
Connection lost

Rejoining the realm…

Still unreachable

The connection could not be restored.

Session expired

The server has moved on; the page needs a fresh start.